 Dungeon Crawl Stone Soup version 0.30-a0-125-g51eefa89be (webtiles) character file.

Game seed: 14312302712546097267

3 ragingrage the Trooper (level 1, -2/18 HPs)
             Began as a Demonspawn Cinder Acolyte on Sept 18, 2022.
             Was a High Priest of Ignis.
             Slain by a hobgoblin (3 damage)
             ... on level 1 of the Dungeon.
             The game lasted 00:00:07 (49 turns).

ragingrage the Trooper (Demonspawn Cinder Acolyte)    Turns: 49, Time: 00:00:07

Health: -2/18      AC:  2    Str: 14    XL:     1   Next: 41%
Magic:  2/2        EV: 11    Int: 15    God:    Ignis [*****.]
Gold:   0          SH:  0    Dex:  8    Spells: 2/2 levels left

rFire   + . .      SeeInvis .    a - -1 spear (flame)
rCold   . . .      Faith    .    (no shield)
rNeg    . . .      Spirit   .    b - +0 robe
rPois   .          Reflect  .    (no helmet)
rElec   .          Harm     .    (no cloak)
rCorr   .          Rampage  .    (no gloves)
Will    .....                    (no boots)
Stlth   +.........               (no amulet)
HPRegen 0.06/turn                (no ring)
MPRegen 0.08/turn                (no ring)

@: no status effects
A: no striking features
a: Renounce Religion, Fiery Armour, Foxfire Swarm, Rising Flame


You were on level 1 of the Dungeon.
You worshipped Ignis.
Ignis was extremely pleased with you.
You visited 1 branch of the dungeon, and saw 1 of its levels.

Inventory:

Hand Weapons
 a - a -1 spear of flaming (weapon)
Armour
 b - a +0 robe (worn)
Scrolls
 c - a scroll of teleportation {unknown}


   Skills:
 + Level 3.0 Fighting
 + Level 2.7 Polearms
 + Level 1.1 Spellcasting
 + Level 2.7 Fire Magic


You had 2 spell levels left.
You didn't know any spells.
Your spell library contained the following spells:

 Spells                   Type           Power      Damage    Failure   Level
 Scorch                   Fire           18%        2d5       12%         2


Dungeon Overview and Level Annotations

Branches:
Dungeon (1/15)

Altars:


Message History

Press: ? - help, Dir - move target, f/p - kobold
Aim: a kobold, wielding a +0 short sword and quivering stones (severely wounded, about 50% to evade your -1 spear of flaming)
You hit the kobold. You burn the kobold.
You kill the kobold!
Reach: a) -1 spear (flame)
Press: ? - help, Dir - move target, f - kobold
Aim: a kobold, wielding a +0 short sword (about 50% to evade your -1 spear of flaming)
You hit the kobold. You burn the kobold.
The kobold is heavily wounded.
The kobold hits you with a +0 short sword.
Reach: a) -1 spear (flame)
Press: ? - help, Dir - move target, f/p - kobold
Aim: a kobold, wielding a +0 short sword (heavily wounded, about 50% to evade your -1 spear of flaming)
You closely miss the kobold.
The kobold is heavily wounded.
The kobold barely misses you.
Reach: a) -1 spear (flame)
Press: ? - help, Dir - move target, f/p - kobold
Aim: a kobold, wielding a +0 short sword (heavily wounded, about 50% to evade your -1 spear of flaming)
You hit the kobold. You burn the kobold.
You kill the kobold!
Reach: a) -1 spear (flame)
Press: ? - help, Dir - move target, f - hobgoblin
Aim: a hobgoblin (about 43% to evade your -1 spear of flaming)
You barely miss the hobgoblin. The hobgoblin hits you.
Reach: a) -1 spear (flame)
Press: ? - help, Dir - move target, f/p - hobgoblin
Aim: a hobgoblin (about 43% to evade your -1 spear of flaming)
You hit the hobgoblin. You burn the hobgoblin.
The hobgoblin is almost dead.
The hobgoblin hits you.
* * * LOW HITPOINT WARNING * * *
You completely miss the hobgoblin.
The hobgoblin is almost dead.
The hobgoblin hits you.
* * * LOW HITPOINT WARNING * * *
You barely miss the hobgoblin.
The hobgoblin is almost dead.
The hobgoblin hits you.
You die...

..........#
..........#
..........#
###.......##
#........#
###########...#
#8≈≈≈≈≈≈≈8#...#
#.........#g#.#
#.........#@#.#
#....8....'.#.#
#<...8....'.#.#
#.........#.#.#
#......§..#.#.#
#8≈≈§§§§≈8#...#
###########...#
#####


You could see a hobgoblin.

Vanquished Creatures
  2 kobolds (D:1)
  A ball python (D:1)
3 creatures vanquished.

Notes
Turn   | Place    | Note
-------+----------+-------------------------------------------
     0 | D:1      | ragingrage the Demonspawn Cinder Acolyte began the quest
                  | for the Orb.
     0 | D:1      | Reached XP level 1. HP: 18/18 MP: 2/2
    49 | D:1      | Slain by a hobgoblin

Illustrated notes

Levels and vault maps discovered:
D:1:      lightli_arrival_noodles, layout_basic, ebering_ecumenical_altar_hall

Action                   || total
-------------------------++-------
Melee: Spear             ||    17
Armor: Robe              ||     4
Dodge: Dodged            ||     3

Table legend: (Time is in decaauts)
 A = Elapsed time spent in this place.
 B = Non-inter-level travel time spent in this place.
 C = Inter-level travel time spent in this place.
 D = Time resting spent in this place.
 E = Time spent auto-exploring this place.
 F = Levels seen in this place.
 G = Mean time per level.
                   A        B        C        D        E       F      G
               +--------+--------+--------+--------+--------+-----+--------+
         Total |     48 |     48 |      0 |      0 |     22 |   1 |   48.0 |
       Dungeon |     48 |     48 |      0 |      0 |     22 |   1 |   48.0 |
               +--------+--------+--------+--------+--------+-----+--------+

Top non-repeatable levels by time:
     D:1: 48 daAuts
